 Dungeon Crawl Stone Soup version 0.27.1-33-g824d729ab1 (webtiles) character file.

Game seed: 16917436604971960753

46 MisterFreud the Scratcher (level 3, 0/17 HPs)
             Began as a Felid Berserker on Dec 1, 2021.
             Was a Believer of Trog.
             Shot with a stone by a goblin (1 damage)
             ... on level 3 of the Dungeon.
             The game lasted 00:01:47 (2305 turns).

MisterFreud the Scratcher (Felid Berserker)         Turns: 2305, Time: 00:01:47

Health: 0/17       AC:  1    Str: 13    XL:     3   Next: 46%
Magic:  4/4        EV: 18    Int:  8    God:    Trog [**....]
Gold:   74         SH:  0    Dex: 16    Spells: 2/2 levels left
                                        Lives:  0   Deaths: 1

rFire    . . .     SeeInvis +     - Unarmed
rCold    . . .     Faith    .   (shield unavailable)
rNeg     . . .     Spirit   .   (armour unavailable)
rPois    .         Reflect  .   (helmet unavailable)
rElec    .         Harm     .   (cloak unavailable)
rCorr    .         Rampage  .   (gloves unavailable)
Will     .....                  (boots unavailable)
Stlth    +++.......             (no amulet)
HPRegen  0.05/turn              (no ring)
MPRegen  0.09/turn              (no ring)

@: quick
A: very small, claws 1, fangs 3, see invisible, speed 1, shaggy fur 1, stealthy
paws, no weapons or thrown items, no armour, multi-lived
a: Renounce Religion, Berserk, Trog's Hand


You were on level 3 of the Dungeon.
You worshipped Trog.
Trog was pleased with you.
You visited 1 branch of the dungeon, and saw 3 of its levels.

You collected 74 gold pieces.

Inventory:

Scrolls
 b - a scroll of amnesia {unknown}
 c - 4 scrolls of identify {unknown}
 e - a scroll of magic mapping {unknown}
 g - 2 scrolls of teleportation {unknown}
 i - 2 scrolls of immolation {unknown}
 j - 2 scrolls of noise {unknown}
 l - a scroll of vulnerability {unknown}
Potions
 a - 2 potions of curing {unknown}
 d - a potion of heal wounds {unknown}
 f - 2 potions of mutation {unknown}
 h - a potion of brilliance {unknown}
 k - a potion of haste {unknown}


   Skills:
 - Level 3.0 Fighting
 - Level 4.0 Dodging
 + Level 4.1 Stealth
 + Level 4.2 Unarmed Combat


You had 2 spell levels left.
You didn't know any spells.
Your spell library was empty.

Dungeon Overview and Level Annotations

Branches:
Dungeon (3/15)

Altars:
Sif Muna


Innate Abilities, Weirdness & Mutations

You have sharp claws.
You have razor-sharp teeth.
You have supernaturally acute eyesight. (SInv)
You cover ground quickly. (Speed+)
You are covered in fur. (AC +1)
Your paws help you pounce on unaware monsters.
You are incapable of wielding weapons or throwing items.
You cannot wear armour.
You gain extra lives every three experience levels.


Message History

You rejoin the land of the living...
Unknown command.
Unknown command.
Key pressed, stopping explore.
Nothing quivered!
An orc comes into view. It is wielding a +0 dagger.
An orc is nearby!
An orc is nearby!
An orc and a dart slug come into view.
There is an open door here.
A goblin comes into view. It is wielding a +0 club.
The goblin shouts!
The goblin unwields a +0 club.
The goblin wields a +2 hunting sling of freezing.
It is covered in frost.
The goblin shoots a stone.
The stone barely misses you.
The orc throws a boomerang.
The boomerang misses you.
Found a square blue amulet.
The goblin shoots a stone.
The stone closely misses you.
A quokka comes into view.
The dart slug launches a dart at you. The slug dart hits you.
The goblin shoots a stone.
The stone completely misses you.
The quokka moves out of view.
You closely miss the orc. You bite the orc.
The orc is moderately wounded.
The orc hits you with a +0 club.
You are too injured to fight recklessly!
You claw the orc!
You kill the orc!
Trog accepts your kill.
The goblin shoots a stone.
The stone hits you. The stone freezes you.
* * * LOW HITPOINT WARNING * * *
You are too injured to fight recklessly!
You claw the orc!
You kill the orc!
Trog accepts your kill.
The goblin shoots a stone.
The stone barely misses you.
The goblin shoots a stone.
The stone hits you.
* * * LOW HITPOINT WARNING * * *
The stone freezes you.
You die...

#.# #.#.....o. #.#
#.#.....oo #.#
#.##......
###'######.##......
#..........##......
#..........
#..........
#.....w....
#.@........
.......r........
.#####.....g....
#.........
#...".....
###..##### ..# ..#


You could see a dart slug, a quokka and a goblin.

Vanquished Creatures
  Terence (D:2)
  3 gnolls (D:2)
  An adder (D:2)
  A worm (D:3)
  2 orcs (D:3)
  5 ball pythons
  3 bats
  An endoplasm (D:1)
  A giant cockroach (D:2)
  2 goblins (D:2)
  3 hobgoblins
  A quokka (D:1)
  2 frilled lizards
  6 kobolds
  2 rats
34 creatures vanquished.

Notes
Turn   | Place    | Note
-------+----------+-------------------------------------------
     0 | D:1      | MisterFreud the Felid Berserker began the quest for the
                  | Orb.
     0 | D:1      | Reached XP level 1. HP: 10/10 MP: 2/2
   146 | D:1      | Reached skill level 1 in Stealth
   301 | D:1      | Reached XP level 2. HP: 14/14 MP: 3/3
   778 | D:1      | Found a faded altar of an unknown god.
  1105 | D:2      | Reached XP level 3. HP: 17/17 MP: 4/4
  1149 | D:2      | Reached ** piety under Trog
  1487 | D:2      | Noticed Terence
  1512 | D:2      | Killed Terence
  1513 | D:2      | Reached XP level 4. HP: 17/21 MP: 5/5
  1673 | D:2      | Found a shimmering blue altar of Sif Muna.
  2282 | D:3      | HP: 1/21 [poisoned by a kobold]
  2283 | D:3      | Succumbed to a kobold's poison
  2284 | D:3      | Reached XP level 3. HP: -1/17 MP: 4/4
  2305 | D:3      | Shot with a stone by a goblin

Illustrated notes

Levels and vault maps discovered:
D:1:      lightli_molten_gateway, layout_loops_ring, basic_ecumenical_altar
D:2:      layout_basic, basic_altar, serial_forest,
          infiniplex_forest_lined_room_2, infiniplex_forest_lined_ring,
          infiniplex_forest_clump_small, infiniplex_forest_straight_2,
          infiniplex_forest_lined_3_way, kennysheep_generic_room_6, uniq_terence
D:3:      layout_basic, grunt_dithmenos_smoke

Skill      XL: |  1  2  3  4 |
---------------+-------------+-----
Stealth        | 1 2 3 4 |  4.1
Unarmed Combat | 4 |  4.2
Fighting       | |  3.0
Dodging        | |  4.0

Action                   |  1- 3 |  4- 6 || total
-------------------------+-------+-------++-------
Melee: Unarmed           |    62 |    18 ||    80
       Bite              |     6 |       ||     6
       Punch             |       |     1 ||     1
Invok: Berserk           |     2 |       ||     2
       Trog's Hand       |       |     1 ||     1
 Stab: Sleeping          |     4 |       ||     4
Armor: Skin              |     6 |       ||     6
Dodge: Dodged            |    59 |    15 ||    74
